 Dungeon Sprint DCSS version 0.19-a0-1051-gdb7e7f8 (webtiles) character file.

48 Kidiri the Slasher (level 3, -2/34 HPs)
             Began as a Minotaur Monk on Aug 1, 2016.
             Was a Believer of Okawaru.
             Slain by an orc warrior
             ... wielding a +0 mace
              (20 damage)
             ... in the Dungeon (Sprint VII: "The Pits").
             The game lasted 00:01:12 (218 turns).

Kidiri the Slasher (Minotaur Monk)                   Turns: 218, Time: 00:01:13

Health: -2/34      AC:  5    Str: 15    XL:     3   Next: 50%
Magic:  2/3        EV: 13    Int:  7    God:    Okawaru [**....]
Gold:   0          SH:  0    Dex: 13    Spells: 0 memorised, 2 levels left

rFire  . . .     SeeInvis .     j - +2 falchion
rCold  . . .     Gourm    .     q - +0 ring mail
rNeg   . . .     Faith    .     (no shield)
rPois  .         Spirit   .     (helmet restricted)
rElec  .         Dismiss  .     (no cloak)
rCorr  .         Reflect  .     (no gloves)
SustAt .         Harm     .     (no boots)
MR     .....     NoTele   +     (no amulet)
Stlth  +.........               (no ring)
                                (no ring)

@: not resistant to hostile enchantments, very unstealthy
A: retaliatory headbutt, horns 2
a: Heroism, Renounce Religion


You were in the Dungeon.
You worshipped Okawaru.
Okawaru was pleased with you.
You were not hungry.

You visited 1 branch

Inventory:

Hand Weapons
 j - a +2 falchion (weapon)
Armour
 q - a +0 ring mail (worn)
Scrolls
 i - a scroll of blinking
 m - 3 scrolls of remove curse
 n - 5 scrolls of amnesia
 o - a scroll of summoning
Potions
 d - a potion of curing
 f - a potion of haste
 g - 4 potions of magic
 h - 3 potions of berserk rage
 l - 2 potions of invisibility
Comestibles
 a - 40 fruits
 c - 8 bread rations
 k - 7 meat rations
 p - a chunk of flesh


   Skills:
 + Level 4.4 Fighting
 * Level 5.5 Long Blades
 + Level 2.6 Armour
 * Level 5.1 Dodging
 + Level 2.8 Stealth
 + Level 1.8 Invocations


You had 2 spell levels left.
You didn't know any spells.

Dungeon Overview and Level Annotations

Branches:
Dungeon (1/1)

Altars:
Ashenzari
Cheibriados
Dithmenos
Elyvilon
Fedhas
Gozag
Kikubaaqudgha
Makhleb
Nemelex Xobeh
Okawaru
Pakellas
Qazlal
Ru
Sif Muna
Trog
Vehumet
Xom
Yredelemnul
Zin
The Shining One
Beogh
Jiyva
Lugonu


Innate Abilities, Weirdness & Mutations

You reflexively headbutt those who attack you in melee.
You have a pair of horns on your head.


Message History

Ouch! That really hurt!
* * * LOW HITPOINT WARNING * * *
You are too injured to fight recklessly!
You are too injured to fight recklessly!
Unknown command.
You feel much better.
You hit the orc warrior but do no damage.
The orc warrior is heavily wounded.
The orc warrior barely misses you.
You riposte.
You slash the orc warrior! Your headbutt misses the orc warrior.
The orc warrior is almost dead.
You hit the orc warrior but do no damage.
You headbutt the orc warrior, but do no damage.
The orc warrior is almost dead.
The orc warrior hits you with a mace.
You hit the orc warrior but do no damage.
The orc warrior is almost dead.
The orc warrior hits you with a mace!!
Ouch! That really hurt!
You die...

#__________#
#__________#
#_#####+##############++
#_#)))+.+..##...........
#_#)))#.#?(##......#..#.
#######+#####...........
#...........'...........
#+#####'#####......#..#.
#..@oo##...........
#####o#####+#####++
#.....##.......#
#....o##.......#
###h####.......#


oah #...<...# oo... #.......# ......##.......# #########.......# You could see
an orc warrior, an orc priest and an orc.

Vanquished Creatures
  A worker ant (D)
  An adder (D)
  An adder skeleton (D)
  2 orcs (D)
  A bat (D)
  4 jackals (D)
  A quokka (D)
11 creatures vanquished.

Notes
Turn   | Place    | Note
-------+----------+-------------------------------------------
     0 | D        | Kidiri the Minotaur Monk began the quest for the Orb.
     0 | D        | Reached XP level 1. HP: 19/19 MP: 0/0
    14 | D        | Reached skill level 1 in Armour
   120 | D        | Found a sacrificial altar of Ru.
   120 | D        | Found a basalt altar of Yredelemnul.
   120 | D        | Found a shadowy altar of Dithmenos.
   120 | D        | Found a deep blue altar of Sif Muna.
   120 | D        | Found a burning altar of Makhleb.
   120 | D        | Found a shimmering altar of Xom.
   120 | D        | Found an ancient bone altar of Kikubaaqudgha.
   120 | D        | Found a sparkling altar of Nemelex Xobeh.
   121 | D        | Found a glowing golden altar of the Shining One.
   121 | D        | Found a bloodstained altar of Trog.
   121 | D        | Found a shattered altar of Ashenzari.
   121 | D        | Found a white marble altar of Elyvilon.
   121 | D        | Found a snail-covered altar of Cheibriados.
   121 | D        | Found a blossoming altar of Fedhas.
   121 | D        | Found a radiant altar of Vehumet.
   121 | D        | Found a glowing silver altar of Zin.
   121 | D        | Found a corrupted altar of Lugonu.
   121 | D        | Found a viscous altar of Jiyva.
   121 | D        | Found a roughly hewn altar of Beogh.
   121 | D        | Found an iron altar of Okawaru.
   122 | D        | Found an oddly glowing altar of Pakellas.
   127 | D        | Found a stormy altar of Qazlal.
   128 | D        | Found an opulent altar of Gozag.
   130 | D        | Became a worshipper of Warmaster Okawaru
   130 | D        | Reached * piety under Okawaru
   130 | D        | Reached ** piety under Okawaru
   147 | D        | Reached XP level 2. HP: 27/27 MP: 1/1
   153 | D        | Reached skill level 1 in Invocations
   192 | D        | Noticed an orc warrior
   201 | D        | Reached skill level 5 in Long Blades
   201 | D        | Reached skill level 5 in Dodging
   201 | D        | Reached XP level 3. HP: 33/34 MP: 1/3
   218 | D        | Slain by an orc warrior

Vault maps used:
D:        pitsprint

Skill      XL: |  1  2 |
---------------+-------+-----
Long Blades    | 4 5 |  5.5
Armour         | 1 2 |  2.6
Fighting       | 4 |  4.4
Dodging        | 4 5 |  5.1
Stealth        | 2 |  2.8
Invocations    | 1 |  1.8

Action                   || total
-------------------------++-------
Melee: Falchion          ||    42
       Headbutt          ||     7
  Use: Potion            ||     1
 Stab: Sleeping          ||     2
Armor: Robe              ||     2
       Ring mail         ||     1
Dodge: Dodged            ||    17
